 Dungeon Crawl Stone Soup version 0.18-b1-22-ge198996 (webtiles) character file.

735 corax the Covert (level 7, 0/36 HPs)
             Began as a Spriggan Assassin on May 1, 2016.
             Killed by divine providence
             ... invoked by an orc priest
              (15 damage)
             ... on level 6 of the Dungeon on May 3, 2016.
             The game lasted 00:49:37 (5169 turns).

corax the Covert (Spriggan Assassin)                Turns: 5169, Time: 00:49:39

Health: 0/36       AC:  3    Str:  9    XL:     7   Next: 45%
Magic:  8/8        EV: 20    Int: 13    God:
Gold:   353        SH:  0    Dex: 17    Spells: 0 memorised, 6 levels left

rFire  x . .     SeeInvis +     a - +8 rapier of Punlad {pierce, rC+}
rCold  + + .     Gourm    .     c - +0 robe
rNeg   . . .     Faith    .     (shield restricted)
rPois  .         Spirit   .     (helmet restricted)
rElec  .         Dismiss  .     d - +0 cloak
rCorr  .         Reflect  .     (gloves unavailable)
SustAt .         Harm     .     (boots unavailable)
MR     +....                    (no amulet)
Stlth  ++++......               P - ring of ice
                                r - +3 ring of slaying

@: very quick, somewhat resistant to hostile enchantments, stealthy
A: unfitting armour, see invisible, herbivore 3, speed 3, slow metabolism 2
a: no special abilities


You were on level 6 of the Dungeon.
You were not hungry.

You visited 1 branch of the dungeon, and saw 7 of its levels.

You collected 353 gold pieces.

Inventory:

Hand Weapons
 a - the +8 rapier of Punlad (weapon) {pierce, rC+}
   (You found it on level 5 of the Dungeon)

   It inflicts extra damage upon your enemies.
   It protects you from cold.
 b - a +0 hunting sling
 B - a +0 blowgun
 J - a +2 dagger
 L - a +1 dagger of venom
Missiles
 e - 42 poisoned needles
 f - 2 curare-tipped needles
 n - 245 stones (quivered)
 o - 68 arrows
 A - 20 sling bullets
 N - 8 tomahawks
Armour
 c - a +0 robe (worn)
 d - a +0 cloak (worn)
Jewellery
 r - a +3 ring of slaying (left hand)
 P - a ring of ice (right hand)
Wands
 v - a wand of slowing (18/48)
 D - a wand of disintegration (15/24)
 O - a wand of acid (12/15)
Scrolls
 h - a scroll of blinking {unknown}
 i - 4 scrolls of teleportation {unknown}
 j - 4 scrolls of amnesia {unknown}
 l - 2 scrolls of immolation {unknown}
 m - a scroll of random uselessness {unknown}
 p - 4 scrolls of identify
 y - 4 scrolls of remove curse
 z - a scroll of fear {unknown}
 C - a scroll of enchant armour {unknown}
 I - a scroll of fog {unknown}
 M - 2 scrolls of recharging {unknown}
Potions
 q - 3 potions of curing {unknown}
 s - a potion of ambrosia {unknown}
 w - a potion of magic {unknown}
 x - a potion of degeneration {unknown}
 E - a potion of heal wounds {unknown}
 F - a potion of cure mutation {unknown}
 G - 2 potions of haste {unknown}
 H - a potion of mutation {unknown}
 K - a potion of agility {unknown}
Books
 k - a book of Fire

   Spells                             Type                      Level
   a - Ignite Poison                  Fire/Transmutation/Poison    3
   b - Fireball                       Conjuration/Fire             5
   c - Bolt of Fire                   Conjuration/Fire             6
   d - Delayed Fireball               Conjuration/Fire             7
   e - Ring of Flames                 Charms/Fire                  7
 u - a book of Dreams

   Spells                             Type                      Level
   a - Ensorcelled Hibernation        Hexes/Ice                    2
   b - Silence                        Hexes/Air                    5
   c - Darkness                       Hexes                        6
   d - Shadow Creatures               Summoning                    6
Comestibles
 g - 6 bread rations
 t - 5 fruits


   Skills:
 + Level 3.2 Fighting
 + Level 4.5 Short Blades
 + Level 3.3(4.4) Slings
 + Level 3.7(4.1) Throwing
 + Level 4.8 Dodging
 + Level 8.0 Stealth


You had 6 spell levels left.
You didn't know any spells.

Dungeon Overview and Level Annotations

Branches:
Dungeon (7/15)
 Temple: D:4-7

Altars:
Okawaru
Qazlal

Shops:
D:4 }


Innate Abilities, Weirdness & Mutations

You are tiny and cannot use many weapons and most armour.
You have supernaturally acute eyesight.
You are a herbivore.
You cover ground extremely quickly.
You need consume almost no food.


Message History

An orc priest comes into view. It is wielding a hand axe.
The orc shouts!
An orc comes into view. It is wielding a hand axe.
The orc shouts!
You puncture the orc wizard!
You kill the orc wizard!
The orc priest calls down the wrath of Beogh upon you.
Beogh smites you!
You hit the orc.
The orc is moderately wounded.
The orc barely misses you.
You puncture the orc!
You kill the orc!
You barely miss the orc priest.
The orc priest hits you with a hand axe!
You hit the orc priest.
The orc priest is heavily wounded.
The orc priest invokes the aid of Beogh against you.
Beogh smites you!
You die...

########################
.....oo@................
################........
########.#######
.........#
################
#........##.
#.#.........
#...........
#..#...♣...#


You could see an orc priest and an orc.

Vanquished Creatures
  An ogre (D:6)
  A scorpion (D:4)
  A giant frog zombie (D:5)
  A hound (D:4)
  5 orc wizards
  Ijyb (D:2)
  An iguana (D:5)
  4 worker ants
  A hound zombie (D:5)
  Robin (D:3)
  6 adders
  3 gnolls (D:5)
  2 adder skeletons
  A worm (D:5)
  3 dart slugs
  6 giant geckos
  10 orcs
  A ball python (D:1)
  12 giant cockroaches
  10 goblins
  11 hobgoblins
  13 jackals
  3 quokkas
  9 bats
  7 giant newts
  A jackal skeleton (D:4)
  10 kobolds
  5 rats
  A plant (D:2)
131 creatures vanquished.

Notes
Turn   | Place    | Note
--------------------------------------------------------------
     0 | D:1      | corax the Spriggan Assassin began the quest for the Orb.
     0 | D:1      | Reached XP level 1. HP: 10/10 MP: 2/2
    27 | D:1      | Reached skill level 6 in Stealth
   155 | D:1      | Reached XP level 2. HP: 12/15 MP: 3/3
   814 | D:2      | Noticed Ijyb
   873 | D:2      | Killed Ijyb
   873 | D:2      | Reached XP level 3. HP: 18/18 MP: 4/4
   911 | D:3      | Found a stormy altar of Qazlal.
  1508 | D:2      | Upgraded the game from 0.18-b1-16-g289874d to 0.18-b1-22-ge198996
  1574 | D:2      | Reached XP level 4. HP: 21/23 MP: 5/5
  1785 | D:3      | Noticed Robin
  1835 | D:3      | Killed Robin
  1835 | D:3      | Reached skill level 1 in Slings
  2262 | D:3      | Reached XP level 5. HP: 23/26 MP: 6/6
  2688 | D:5      | Entered Level 5 of the Dungeon
  3051 | D:4      | Found Rimiol's Gadget Shop.
  3240 | D:4      | Reached skill level 7 in Stealth
  3240 | D:4      | Reached XP level 6. HP: 28/32 MP: 7/7
  4483 | D:5      | Reached XP level 7. HP: 36/36 MP: 8/8
  4845 | D:5      | Got a slimy rapier
  4846 | D:5      | Identified the +8 rapier of Punlad {pierce, rC+} (You found it on level 5 of the Dungeon)
  5110 | D:6      | Found an iron altar of Okawaru.
  5129 | D:6      | Reached skill level 8 in Stealth
  5169 | D:6      | Killed from afar by an orc priest

Skill      XL: |  1  2  3  4  5  6  7 |
---------------+----------------------+-----
Stealth        | 6 7 8 |  8.0
Dodging        | 2 3 4 |  4.8
Fighting       | 2 3 |  3.2
Short Blades   | 3 4 |  4.5
Slings         | 1 2 3 |  3.3
Throwing       | 3 |  3.7

Action                   |  1- 3 |  4- 6 |  7- 9 || total
-------------------------+-------+-------+-------++-------
Melee: Dagger            |    99 |    45 |       ||   144
       Rapier            |       |    60 |    22 ||    82
 Fire: Blowgun           |    12 |     1 |       ||    13
       Hunting sling     |       |   165 |    42 ||   207
  Use: Scroll            |       |       |     2 ||     2
 Stab: Sleeping          |    10 |     6 |     3 ||    19
       Distracted        |       |     1 |       ||     1
  Eat: Pizza             |       |     1 |       ||     1
Armor: Robe              |    10 |    17 |     1 ||    28
Dodge: Dodged            |    53 |   113 |    19 ||   185
